 Dungeon Crawl Stone Soup version 0.28-a0-245-g639a1a48b9 (webtiles) character file.

Game seed: 1978846010563658105

949 Demosthentine the Poker (level 8, -2/93 HPs)
             Began as a Merfolk Gladiator on Aug 24, 2021.
             Slain by a kobold brigand (6 damage)
             ... on level 5 of the Dungeon on Aug 25, 2021.
             The game lasted 00:03:24 (4873 turns).

Demosthentine the Poker (Merfolk Gladiator)         Turns: 4873, Time: 00:03:24

Health: -2/93      AC: 24    Str: 13 (16) XL:     8   Next: 13%
Magic:  8/8        EV:  2    Int: 11 (13) God:
Gold:   149        SH:  0    Dex: 13 (16) Spells: 7/7 levels left

rFire   . . .      SeeInvis .   a - +0 trident
rCold   . . .      Faith    .   (no shield)
rNeg    + + +      Spirit   .   (armour currently unavailable)
rPois   +          Reflect  .   (helmet currently unavailable)
rElec   .          Harm     .   (cloak currently unavailable)
rCorr   +          Rampage  .   (gloves currently unavailable)
Will    .....      NoTele   +   (boots currently unavailable)
Stlth   +.........              (no amulet)
HPRegen 0.25/turn               s - ring of resist corrosion
MPRegen 0.11/turn               w - +6 ring of intelligence

@: mighty, lethally poisoned (-2 -> -4), tree-form, slowed, very slow
A: stationary, stasis, torment immunity, boosted hp, (nimble swimmer 2),
(mertail)
a: no special abilities


You were on level 5 of the Dungeon.
You were a tree.
You visited 1 branch of the dungeon, and saw 5 of its levels.

You collected 149 gold pieces.

Inventory:

Hand Weapons
 a - a +0 trident (weapon)
Missiles
 k - 2 throwing nets (quivered)
Armour
 b - a +0 leather armour (melded)
 c - a +0 helmet (melded)
 g - a +1 pair of boots (melded)
 l - a +1 cloak (melded)
Jewellery
 s - a ring of resist corrosion (left branch)
 w - a +6 ring of intelligence (right branch)
Wands
 d - a wand of flame (15)
 i - a wand of digging (4)
Scrolls
 o - 4 scrolls of teleportation
Potions
 h - 2 potions of mutation
 j - a potion of degeneration


   Skills:
 + Level 5.3 Fighting
 + Level 7.8 Polearms
 - Level 2.0 Throwing
 + Level 3.2 Armour
 + Level 7.2 Dodging


You had 7 spell levels left.
You didn't know any spells.
Your spell library was empty.

Dungeon Overview and Level Annotations

Branches:
Dungeon (5/15)
 Temple: D:4-7

Altars:
Uskayaw
Wu Jian

Shops:
D:1 (((


Innate Abilities, Weirdness & Mutations

You are a tree.
Your roots penetrate the ground, keeping you stationary.
You cannot be teleported.
You are immune to unholy pain and torment.
Your maximum health is greatly increased.
Your equipment is partially melded.
((You are quick and stealthy near water. (Stealth+, EV+, Speed+++)))
((Your lower body shifts to a powerful aquatic tail in water.))


Message History

You feel very mighty all of a sudden.
* * * LOW HITPOINT WARNING * * *
You feel extremely sick. The kobold brigand closely misses you.
It was a potion of lignification.
You turn into a tree.
Your +1 cloak melds into your body.
Your +0 helmet melds into your body.
Your +1 pair of boots melds into your body.
Your +0 leather armour melds into your body.
Your roots penetrate the ground.
You feel very sick.
The kobold brigand hits you but does no damage.
You are more poisoned.
The kobold brigand hits you but does no damage.
It was a potion of flight.
Your roots keep you in place.
* * * LOW HITPOINT WARNING * * *
You feel very sick.
The kobold brigand hits you but does no damage.
Unknown command.
You puncture the kobold brigand!
The kobold brigand is moderately wounded.
* * * LOW HITPOINT WARNING * * *
You feel very sick.
The kobold brigand hits you but does no damage. x2
You hit the kobold brigand.
The kobold brigand is heavily wounded.
* * * LOW HITPOINT WARNING * * *
You feel sick.
The kobold brigand hits you but does no damage.
Unknown command.
You impale the kobold brigand!!
You kill the kobold brigand!
* * * LOW HITPOINT WARNING * * *
You feel sick.
Unknown command.
You closely miss the kobold brigand.
* * * LOW HITPOINT WARNING * * *
You feel sick.
The kobold brigand hits you but does no damage.
The kobold brigand hits you with a +0 dagger.
You die...

............... ...#....<......
## ..........# #.# ### .#
..........# #.# #.. .#
..........###.# #.############.#
..............# #..............#
#...#....##...# #..........##<..
....#.##......####........).#####
.##.......##KKKK♣...........+
...##..#....K######........###
.#.....#.##.KK....'............ #
##...)...K######......>.#### ..#
.#...# #........# .. #...#
#..^.......# # ....# #..........#
.##... #..........# #..........#


You could see 4 kobold brigands and a kobold.

Vanquished Creatures
  A kobold demonologist (D:5)
  2 ogres
  A kobold brigand (D:5)
  A howler monkey (D:5)
  3 hounds (D:4)
  A jelly (D:5)
  2 orc priests (D:2)
  Crazy Yiuf (D:2)
  An iguana (D:5)
  Ijyb (D:3)
  A gnoll (D:4)
  8 adders
  A howler monkey skeleton (D:5)
  An adder skeleton (D:4)
  2 worms (D:2)
  5 orcs
  5 bats
  6 endoplasms
  3 giant cockroaches
  6 goblins
  7 hobgoblins
  2 quokkas
  5 ball pythons
  8 frilled lizards
  9 kobolds
  6 rats
89 creatures vanquished.

Notes
Turn   | Place    | Note
-------+----------+-------------------------------------------
     0 | D:1      | Demosthentine the Merfolk Gladiator began the quest for the
                  | Orb.
     0 | D:1      | Reached XP level 1. HP: 16/16 MP: 1/1
    48 | D:1      | Found Hayrant's Weapon Boutique.
    88 | D:1      | Reached XP level 2. HP: 19/23 MP: 2/2
   213 | D:1      | Found Yczubida's Antique Weapon Emporium.
   506 | D:1      | Found Aqoa's Weapon Shoppe.
   755 | D:1      | Reached XP level 3. HP: 20/28 MP: 3/3
  1137 | D:2      | Reached skill level 5 in Polearms
  1374 | D:2      | Reached skill level 1 in Armour
  1427 | D:2      | Reached XP level 4. HP: 29/35 MP: 4/4
  1724 | D:2      | Reached skill level 5 in Dodging
  1724 | D:2      | Reached XP level 5. HP: 16/41 MP: 5/5
  1948 | D:2      | Found a runed translucent door.
  1949 | D:2      | Noticed Crazy Yiuf
  2449 | D:2      | Killed Crazy Yiuf
  2545 | D:3      | Noticed Ijyb
  2579 | D:3      | Killed Ijyb
  3337 | D:3      | Reached XP level 6. HP: 47/48 MP: 6/6
  3402 | D:3      | Found a hide-covered altar of Uskayaw.
  4196 | D:4      | Found an ornate altar of the Wu Jian Council.
  4295 | D:4      | Reached XP level 7. HP: 50/55 MP: 7/7
  4544 | D:5      | Entered Level 5 of the Dungeon
  4821 | D:5      | Noticed a kobold demonologist
  4829 | D:5      | Noticed a ynoxinul
  4837 | D:5      | Noticed an orange demon
  4837 | D:5      | Noticed a neqoxec
  4855 | D:5      | HP: 2/55 [poisoned by a kobold demonologist]
  4863 | D:5      | Noticed an orange demon
  4863 | D:5      | Killed a kobold demonologist
  4864 | D:5      | Reached skill level 5 in Fighting
  4864 | D:5      | Reached XP level 8. HP: 35/62 MP: 8/8
  4873 | D:5      | HP: 4/93 [poisoned by a kobold brigand]
  4873 | D:5      | Slain by a kobold brigand

Illustrated notes

Levels and vault maps discovered:
D:1:      ncdulo_watergridlock, layout_basic, serial_shops, shop,
          nicolae_shop_stone, nicolae_shop_trees, minmay_lizard_pond
D:2:      layout_basic, uniq_crazy_yiuf_cottage
D:3:      layout_loops_corners, nicolae_overflow_hidden_temple, uniq_ijyb
D:4:      layout_gridville, nicolae_wu_jian_wuxing_cycle, cheibrodos_gnoll_hut
D:5:      layout_basic, lemuel_round_altar, minmay_temple_entry_ruins,
          uniq_sigmund, uniq_menkaure

Skill      XL: |  1  2  3  4  5  6  7 |
---------------+----------------------+-----
Polearms       | 5 6 7 |  7.8
Armour         | 1 2 3 |  3.2
Fighting       | 3 4 5 |  5.3
Dodging        | 5 6 7 |  7.2
Throwing       | |  2.0

Action                   |  1- 3 |  4- 6 |  7- 9 || total
-------------------------+-------+-------+-------++-------
Melee: Trident           |   126 |   162 |    57 ||   345
Throw: Throwing net      |       |     3 |     2 ||     5
  Use: Potion            |       |     1 |     9 ||    10
       Scroll            |       |     3 |     5 ||     8
 Stab: Held in net/web   |       |     1 |       ||     1
       Sleeping          |       |     1 |       ||     1
Armor: Leather armour    |    32 |    22 |    12 ||    66
       Skin              |       |       |     7 ||     7
Dodge: Dodged            |    70 |    76 |    39 ||   185

Table legend: (Time is in decaauts)
 A = Elapsed time spent in this place.
 B = Non-inter-level travel time spent in this place.
 C = Inter-level travel time spent in this place.
 D = Time resting spent in this place.
 E = Time spent auto-exploring this place.
 F = Levels seen in this place.
 G = Mean time per level.
                   A        B        C        D        E       F      G
               +--------+--------+--------+--------+--------+-----+--------+
         Total |   4876 |   4731 |    145 |     26 |   3993 |   5 |  975.2 |
       Dungeon |   4876 |   4731 |    145 |     26 |   3993 |   5 |  975.2 |
               +--------+--------+--------+--------+--------+-----+--------+

Top non-repeatable levels by time:
     D:2: 1556 daAuts
     D:3: 1203 daAuts
     D:1: 988 daAuts
     D:4: 797 daAuts
     D:5: 330 daAuts
